 Dungeon Crawl Stone Soup version 0.28.0 (webtiles) character file.

Game seed: 4262121562994345812

1834389 chanchanman the Conqueror (level 25, 257/257 HPs)
             Began as a Minotaur Fighter on Mar 26, 2024.
             Was the Champion of Okawaru.
             Escaped with the Orb
             ... and 3 runes!
             The game lasted 02:25:06 (56284 turns).

chanchanman the Conqueror (Minotaur Fighter)       Turns: 56284, Time: 02:25:06

Health: 257/257    AC: 40    Str: 34    XL:     25   Next: 75%
Magic:  40/40      EV: 20    Int: 18    God:    Okawaru [******]
Gold:   4246       SH: 20    Dex: 15    Spells: 24/24 levels left

rFire   + + +      SeeInvis .   B - +9 broad axe "Ycleul" {pain, Fly Int+6 Dex+3}
rCold   + + .      Faith    .   c - +0 kite shield {AC+3}
rNeg    + . .      Spirit   .   k - +6 gold dragon scales
rPois   +          Reflect  +   J - +0 hat of Compression {rF+ Regen+ Int+7 Stlth-}
rElec   +          Harm     .   n - +1 cloak of Starlight {*Dazzle EV+4 Stlth--}
rCorr   +          Rampage  .   F - +1 pair of gloves of the Evening {rCorr Str+3 Stlth-}
Will    ++...                   j - +1 pair of boots "Femak" {rF+ rC+ Regen+ Int+4}
Stlth   ..........              U - amulet of Kuackuryh {Reflect Regen+ SH+5}
HPRegen 2.92/turn               M - ring of Vaqo {rElec rPois rN+ MP+9 Int-4}
MPRegen 0.27/turn               K - ring of willpower

@: flying, studying Air Magic
A: horns 2, retaliatory headbutt
0: Orb of Zot
}: 3/15 runes: decaying, serpentine, silver
a: Renounce Religion, Heroism, Finesse, Duel


You escaped.
You worshipped Okawaru.
Okawaru was exalted by your worship.
You visited 10 branches of the dungeon, and saw 49 of its levels.
You also visited: Gauntlet, Ice Cave, Volcano, Wizlab and Desolation.

You collected 8462 gold pieces.
You spent 4216 gold pieces at shops.

Inventory:

Hand Weapons
 B - the +9 broad axe "Ycleul" (weapon) {pain, Fly Int+6 Dex+3}
   (You took it off a centaur warrior on level 13 of the Dungeon)

   In the hands of one skilled in necromantic magic, it inflicts extra damage on
   living creatures.
   Int:       It affects your intelligence (+6).
   Dex:       It affects your dexterity (+3).
   Fly:       It grants you flight.
Missiles
 l - 11 poisoned darts
 E - 6 throwing nets {!f}
 H - 18 silver javelins
 S - 14 curare-tipped darts {!f}
 T - 31 boomerangs (quivered)
 V - 9 silver boomerangs
 Y - 28 javelins
Armour
 a - the +0 mask of the Dragon {Will+ Slay+3 SInv}
   (You found it on level 3 of the Elven Halls)

   Slay:      It affects your accuracy & damage with ranged weapons and melee
   (+3).
   SInv:      It lets you see invisible.
   Will:      It increases your willpower.
 c - a +0 kite shield of protection (worn)
 j - the +1 pair of boots "Femak" (worn) {rF+ rC+ Regen+ Int+4}
   (Okawaru gifted it to you on level 1 of the Elven Halls)

   Int:       It affects your intelligence (+4).
   rF:        It protects you from fire.
   rC:        It protects you from cold.
   Regen:     It increases your rate of health regeneration.
 k - +6 gold dragon scales (worn)
 m - the +0 pair of gloves "Ifippap" {*Corrode rF++ Will+ Int+2}
   (Okawaru gifted it to you on level 5 of the Realm of Zot)

   Int:       It affects your intelligence (+2).
   rF:        It greatly protects you from fire.
   *Corrode:  It may corrode you when you take damage.
   Will:      It increases your willpower.
 n - the +1 cloak of Starlight (worn) {*Dazzle EV+4 Stlth--}
   (Okawaru gifted it to you on level 6 of the Lair of Beasts)

   It may blind those who miss an attack against the wearer in melee combat.
   EV:        It affects your evasion (+4).
   Stlth:     It makes you much less stealthy.
 o - the +1 pair of gloves "Pabbucw" {rN+ Will- Regen+ Dex+4}
   (Okawaru gifted it to you on level 2 of the Elven Halls)

   Dex:       It affects your dexterity (+4).
   rN:        It protects you from negative energy.
   Regen:     It increases your rate of health regeneration.
   Will:      It decreases your willpower.
 C - the +0 pair of boots "Hasisap" {Drain rElec rN+++ Str+3}
   (Okawaru gifted it to you on level 5 of the Vaults)

   Str:       It affects your strength (+3).
   rElec:     It insulates you from electricity.
   rN:        It renders you almost immune to negative energy.
   Drain:     It drains your maximum health when unequipped.
 F - the +1 pair of gloves of the Evening (worn) {rCorr Str+3 Stlth-}
   (You acquired it on level 1 of the Elven Halls)

   Str:       It affects your strength (+3).
   rCorr:     It protects you from acid and corrosion.
   Stlth:     It makes you less stealthy.
 J - the +0 hat of Compression (worn) {rF+ Regen+ Int+7 Stlth-}
   (Okawaru gifted it to you on level 3 of the Lair of Beasts)

   Int:       It affects your intelligence (+7).
   rF:        It protects you from fire.
   Regen:     It increases your rate of health regeneration.
   Stlth:     It makes you less stealthy.
Jewellery
 b - the ring of Scepticism {rF+ Slay+4}
   (You found it in the Desolation of Salt)

   [ring of slaying]

   Slay:      It affects your accuracy & damage with ranged weapons and melee
   (+4).
   rF:        It protects you from fire.
 e - a ring of see invisible
 u - the ring of Neurosis {rPois rCorr EV+4 Int+5 Dex-5}
   (You found it in the Desolation of Salt)

   [ring of evasion]

   EV:        It affects your evasion (+4).
   Int:       It affects your intelligence (+5).
   Dex:       It affects your dexterity (-5).
   rPois:     It protects you from poison.
   rCorr:     It protects you from acid and corrosion.
 K - a ring of willpower (right hand)
 L - a ring of protection from cold
 M - the ring of Vaqo (left hand) {rElec rPois rN+ MP+9 Int-4}
   (You found it in an ice cave)

   [ring of positive energy]

   Int:       It affects your intelligence (-4).
   rElec:     It insulates you from electricity.
   rPois:     It protects you from poison.
   rN:        It protects you from negative energy.
   MP:        It affects your magic capacity (+9).
 U - the amulet of Kuackuryh (around neck) {Reflect Regen+ SH+5}
   (You took it off a necromancer on level 6 of the Lair of Beasts)

   [amulet of reflection]

   It reflects blocked missile attacks.
   Regen:     It increases your rate of health regeneration.
   SH:        It affects your SH (+5).
 X - the amulet of Yzeir {Acrobat rPois rC++ MP-9 Dex+2}
   (You found it on level 2 of the Swamp)

   [amulet of the acrobat]

   It increases your evasion while moving and waiting.
   Dex:       It affects your dexterity (+2).
   rC:        It greatly protects you from cold.
   rPois:     It protects you from poison.
   MP:        It affects your magic capacity (-9).
Wands
 r - a wand of polymorph (5)
 D - a wand of iceblast (67)
 I - a wand of acid (5)
 O - a wand of paralysis (10)
 P - a wand of digging (19)
Scrolls
 f - 9 scrolls of fear
 g - 4 scrolls of fog
 i - 8 scrolls of immolation
 q - 4 scrolls of blinking
 s - 3 scrolls of silence
 t - 24 scrolls of teleportation
 v - 6 scrolls of vulnerability
 Q - 5 scrolls of enchant weapon
Potions
 d - 7 potions of might
 h - 8 potions of cancellation
 p - 15 potions of heal wounds
 w - 8 potions of mutation
 y - 3 potions of ambrosia
 z - 9 potions of haste
 A - 34 potions of curing
 G - 5 potions of attraction
 N - 4 potions of magic
 R - 9 potions of invisibility
 W - 2 potions of resistance
 Z - 10 potions of lignification
Miscellaneous
 x - a phial of floods


   Skills:
 O Level 27 Fighting
 + Level 21.3 Axes
 - Level 22.0 Throwing
 - Level 20.0 Armour
 - Level 20.0 Dodging
 - Level 20.0 Shields
 - Level 13.0 Invocations


You had 24 spell levels left.
You didn't know any spells.
Your spell library contained the following spells:

 Spells                   Type           Power      Damage    Failure   Level
 Apportation              Tloc           0%         N/A       93%         1
 Foxfire                  Conj/Fire      0%         2x1d4     93%         1
 Freeze                   Ice            0%         1d3       93%         1
 Magic Dart               Conj           0%         1d3       93%         1
 Pain                     Necr           0%         1d4       93%         1
 Sandblast                Erth           0%         2d4       93%         1
 Shock                    Conj/Air       0%         1d3       93%         1
 Sting                    Tmut/Pois      0%         1d3       93%         1
 Blink                    Tloc           0%         N/A       98%         2
 Corpse Rot               Necr/Air       0%         N/A       98%         2
 Ensorcelled Hibernation  Hex/Ice        0%         N/A       98%         2
 Passwall                 Tmut/Erth      0%         N/A       98%         2
 Poisonous Vapours        Pois/Air       0%         N/A       98%         2
 Searing Ray              Conj           0%         2d4       98%         2
 Sublimation of Blood     Necr           0%         N/A       98%         2
 Wereblood                Tmut           0%         N/A       98%         2
 Confusing Touch          Hex            0%         N/A       100%        3
 Conjure Flame            Conj/Fire      0%         6-21      100%        3
 Dazzling Flash           Conj/Hex       0%         N/A       100%        3
 Frozen Ramparts          Ice            0%         1d2       100%        3
 Gell's Gravitas          Tloc           0%         N/A       100%        3
 Ignite Poison            Fire/Tmut/Pois 0%         N/A       100%        3
 Inner Flame              Hex/Fire       0%         N/A       100%        3
 Lesser Beckoning         Tloc           0%         N/A       100%        3
 Ozocubu's Armour         Ice            0%         N/A       100%        3
 Spider Form              Tmut/Pois      0%         N/A       100%        3
 Stone Arrow              Conj/Erth      0%         3d7       100%        3
 Swiftness                Air            0%         N/A       100%        3
 Teleport Other           Tloc           0%         N/A       100%        3
 Airstrike                Air            0%         N/A       100%        4
 Anguish                  Hex/Necr       0%         N/A       100%        4
 Cause Fear               Hex            0%         N/A       100%        4
 Dispel Undead            Necr           0%         3d6       100%        4
 Flame Wave               Conj/Fire      0%         2d4       100%        4
 Fulminant Prism          Conj/Hex       0%         3d6       100%        4
 Hailstorm                Conj/Ice       0%         3d3       100%        4
 Ice Form                 Ice/Tmut       0%         N/A       100%        4
 Iskenderun's Mystic Bla  Conj/Tloc      0%         2d3       100%        4
 Leda's Liquefaction      Hex/Erth       0%         N/A       100%        4
 Olgreb's Toxic Radiance  Pois           0%         N/A       100%        4
 Petrify                  Tmut/Erth      0%         N/A       100%        4
 Sticky Flame             Conj/Fire      0%         2d3       100%        4
 Agony                    Necr           0%         N/A       100%        5
 Alistair's Intoxication  Tmut/Pois      0%         N/A       100%        5
 Blade Hands              Tmut           0%         N/A       100%        5
 Borgnjor's Vile Clutch   Necr/Erth      0%         N/A       100%        5
 Excruciating Wounds      Necr           0%         N/A       100%        5
 Fireball                 Conj/Fire      0%         3d3       100%        5
 Freezing Cloud           Conj/Ice/Air   0%         6-21      100%        5
 Irradiate                Conj/Tmut      0%         3d14      100%        5
 Iskenderun's Battlesphe  Conj           0%         2d6       100%        5
 Lee's Rapid Deconstruct  Erth           0%         3d5*      100%        5
 Manifold Assault         Tloc           0%         N/A       100%        5
 Metabolic Englaciation   Hex/Ice        0%         N/A       100%        5
 Yara's Violent Unravell  Hex/Tmut       0%         3d3       100%        5
 Eringya's Noxious Bog    Tmut/Pois      0%         N/A       100%        6
 Iron Shot                Conj/Erth      0%         9d1       100%        6
 Statue Form              Tmut/Erth      0%         N/A       100%        6
 Enfeeble                 Hex            0%         N/A       100%        7
 Storm Form               Tmut/Air       0%         N/A       100%        7
 Discord                  Hex            0%         N/A       100%        8
 Disjunction              Tloc           0%         N/A       100%        8
 Necromutation            Tmut/Necr      0%         N/A       100%        8
 Polar Vortex             Ice            0%         N/A       100%        9
 Shatter                  Erth           0%         3d5*      100%        9
 Summon Guardian Golem    Hex/Summ       Unusable   N/A       N/A         3
 Animate Armour           Summ/Erth      Unusable   N/A       N/A         4
 Summon Ice Beast         Ice/Summ       Unusable   N/A       N/A         4
 Summon Forest            Summ/Tloc      Unusable   N/A       N/A         5
 Summon Mana Viper        Hex/Summ       Unusable   N/A       N/A         5
 Death Channel            Necr           Unusable   N/A       N/A         6
 Simulacrum               Ice/Necr       Unusable   N/A       N/A         6
 Summon Hydra             Summ           Unusable   N/A       N/A         7

Dungeon Overview and Level Annotations

Branches:
Dungeon (15/15)            Temple (1/1) D:7            Lair (6/6) D:11
  Swamp (4/4) Lair:4        Snake (4/4) Lair:4        Slime (0/5) Lair:5
    Orc (2/2) D:12            Elf (3/3) Orc:2        Vaults (5/5) D:13
  Crypt (0/3) Vaults:3     Depths (4/4) D:15            Zot (5/5) Depths:4
  IceCv (visited)         Volcano (visited)          WizLab (visited)
Desolation (visited)      Gauntlet (visited)

Altars:
Ashenzari
Cheibriados
Dithmenos
Elyvilon
Fedhas
Gozag
Hepliaklqana
Kikubaaqudgha
Makhleb
Nemelex Xobeh
Okawaru
Qazlal
Ru
Sif Muna
Trog
Uskayaw
Vehumet
Wu Jian
Xom
Yredelemnul
Zin
The Shining One
Jiyva

Shops:
D:6 :!   D:10 *   D:11 *   D:12 :(*![   Orc:2 :(::   Elf:1 !   Elf:3 !*?
Snake:4 (?   Vaults:2 !!*   Vaults:3 *=[   Depths:4 !

Portals:
Hell: Depths:1 Depths:2 Depths:3 Depths:4
Abyss: Depths:3 Depths:4
Pandemonium: Depths:2 Depths:3
Ziggurat: Depths:3

Annotations:
D:7 Gastronok
D:12 2 transporters, Skilfsilihog's ghost, journeyman MiFi
D:15 4 exclusions
Lair:4 1 runed translucent door, kaikaun's ghost, journeyman GnCA
Swamp:2 8 exclusions
Elf:1 4 exclusions
Vaults:2 8 exclusions
Vaults:3 2 transporters
Vaults:4 8 runed translucent doors, DunwichHorror's ghost, veteran HOFi
Depths:3 1 runed translucent door
Zot:5 1 runed translucent door, Radamante's ghost, legendary GnFi


Innate Abilities, Weirdness & Mutations

You have a pair of horns on your head.
You reflexively headbutt those who attack you in melee.


Message History

(P) Snake Pit (M) Slime Pits (O) Orcish Mines (E) Elven Halls (V) Vaults (C) Crypt (U) Depths (H) Hell (Z) Zot
Where to? (Enter - D:1, ? - help)
Okay, then.
Unknown command.
There is a stone staircase leading down here.
You see here a +0 robe.
Your hands slow down.
You see here a +0 club.
An Orb Guardian comes into view.
You slash the Orb Guardian! Your headbutt misses the Orb Guardian.
The Orb Guardian is lightly wounded.
You barely miss the Orb Guardian.
The Orb Guardian is lightly wounded.
You hit the Orb Guardian but do no damage.
You headbutt the Orb Guardian, but do no damage.
The Orb Guardian is lightly wounded.
The Orb Guardian hits you but does no damage.
You slice the Orb Guardian!!
The Orb Guardian is severely wounded.
You block the Orb Guardian's attack. The Orb Guardian completely misses you.
You slice the Orb Guardian like a ripe choko!!!
You kill the Orb Guardian!
Okawaru accepts your kill.
No target in view!
No target in view!
Blink to where?
Press: ? - help, Dir - move target
As you read the scroll of blinking, it crumbles to dust.
Blink to where?
Press: ? - help, Dir - move target
As you read the scroll of blinking, it crumbles to dust.
Blink to where?
Press: ? - help, Dir - move target
As you read the scroll of blinking, it crumbles to dust.
Blink to where?
Press: ? - help, Dir - move target
As you read the scroll of blinking, it crumbles to dust.
You have escaped!

#.# #. #.#
## #.# # #.#
# #.# #.#
#.# #.#
##### #.#
####.@.####
#.#
#.♣##.##..#
#.#
#..♣#'#♣..##
#.#
♣.......§..#
#.#
#..♣#'#♣...#
#.#
#.♣##.##♣..#
#.#
####...###.#
#.#
#######.#
#.# #..#


There were no monsters in sight!

Vanquished Creatures
  2 dread liches
  3 ancient liches
  2 orbs of fire (Zot:5)
  Mennas (Vaults:2)
  A pandemonium lord (D:4)
  Frederick (Vaults:5)
  A caustic shrike (Depths:2)
  Saint Roka (Snake:3)
  7 Killer Klowns (Zot:5)
  Bai Suzhen (Vaults:5)
  Vashnia (Snake:2)
  A curse toe (Zot:5)
  7 golden dragons
  A bone dragon (Depths:4)
  5 electric golems
  Rupert (D:12)
  Jorgrun (Orc:2)
  19 tentacled monstrosities
  28 Orb Guardians
  A deep elf blademaster (Elf:3)
  A walking frostbound tome (Depths:2)
  3 liches
  A deep elf master archer (Elf:3)
  3 titans
  A walking crystal tome (Zot:1)
  3 walking divine tomes (Zot:1)
  7 quicksilver dragons
  3 sphinxes
  An Executioner (Depths:3)
  4 death cobs
  Frances (Swamp:1)
  10 storm dragons
  5 tengu reavers
  3 thorn hunters
  6 shadow dragons
  Donald (Vaults:2)
  A nagaraja (Snake:4)
  Roxanne (Snake:2)
  2 draconian monks
  The ghost of brownlove the Severer, a journeyman MiBe of Trog (Orc:2)
  3 narguns (Zot:1)
  A fenstrider witch (Swamp:2)
  Louise (Swamp:3)
  10 fire giants
  10 frost giants
  A draconian scorcher (Zot:2)
  2 orc warlords
  7 deep elf sorcerers
  3 draconian knights
  A balrug (Depths:2)
  Aizul (Snake:1)
  An imperial myrmidon (Desolation)
  An iron dragon (Vaults:5)
  3 ghost moths
  An angel (D:15)
  7 deep elf elementalists (Elf:3)
  15 vault wardens
  21 ironbound preservers
  4 draconian stormcallers
  A reaper (Depths:2)
  5 spriggan defenders
  A quicksilver ooze (Gauntlet)
  2 draconian annihilators
  10 very ugly things
  15 stone giants
  A vampire knight (Depths:2)
  6 ironbound thunderhulks
  2 black draconians (Zot:5)
  7 eleionomae
  5 red draconians
  A war gargoyle (Vaults:5)
  Nessos (D:12)
  12 spark wasps
  Azrael (Snake:3)
  6 deep elf demonologists
  4 entropy weavers
  4 deep elf annihilators
  5 green draconians
  A minotaur (Gauntlet)
  13 dire elephants
  A minotaur (shapeshifter) (Vaults:5)
  14 purple draconians
  5 white draconians
  7 bunyips
  2 yellow draconians (Zot:2)
  A blizzard demon (Depths:3)
  13 ettins
  4 ragged hierophants
  Josephine (Lair:4)
  9 statues (WizLab)
  A green death (D:12)
  5 fire dragons
  5 deep elf death magi
  4 crystal guardians (Desolation)
  4 deep elf high priests (Elf:3)
  6 great orbs of eyes
  24 hydras
  3 shambling mangroves
  4 servants of whispers (Desolation)
  8 naga warriors
  5 salamander tyrants
  Fannar (Orc:1)
  9 yaktaur captains
  5 spriggan air magi
  27 vault guards
  11 anacondas
  2 rakshasas
  5 ice dragons
  7 boulder beetles
  9 ironbound frosthearts
  23 centaur warriors
  8 peacekeepers
  A radroach (shapeshifter) (Vaults:5)
  A death knight (D:15)
  2 ghost crabs
  6 alligators
  8 tengu warriors
  12 deep troll shamans
  32 dancing weapons
  8 two-headed ogres
  18 death yaks
  17 deep troll earth magi
  25 naga sharpshooters
  11 hell knights
  6 spriggan berserkers
  7 shock serpents
  Sonja (Orc:1)
  3 orc high priests
  17 deep elf knights
  A spectral death yak (Lair:6)
  3 sun demons
  A salamander mystic (Snake:2)
  6 skeletal warriors
  An iron troll (shapeshifter) (Vaults:5)
  9 naga ritualists
  9 goliath frogs
  8 iron trolls
  12 large abominations
  A sixfirhy (Depths:3)
  2 spriggan druids
  14 slime creatures
  A sea snake (shapeshifter) (D:15)
  A flayed ghost (Depths:3)
  A spriggan simulacrum (IceCv)
  74 deep trolls
  A steelbarb worm (shapeshifter) (Depths:2)
  6 deep elf archers
  2 obsidian statues
  10 bog bodies
  12 swamp dragons
  8 wizards
  A sphinx zombie (Vaults:2)
  A harpy (Vaults:1)
  10 ironbound convokers
  9 necromancers
  13 lindwurms
  26 deep elf pyromancers
  21 deep elf zephyrmancers
  8 orc knights
  3 phantasmal warriors (Vaults:5)
  A shining eye (shapeshifter) (Vaults:5)
  4 manticores
  3 will-o-the-wisps
  37 ugly things
  7 mana vipers
  2 wolf spiders
  6 orc sorcerers
  7 cyclopes
  9 salamanders
  8 moths of wrath
  A manticore (shapeshifter) (Depths:2)
  A moth of wrath (shapeshifter) (Vaults:5)
  An elephant (shapeshifter) (Depths:2)
  12 guardian serpents
  13 vault sentinels
  33 black mambas
  Maurice (D:11)
  A stone giant skeleton (Vaults:2)
  29 elephants
  A molten gargoyle (D:12)
  2 gargoyles
  15 cane toads
  2 smoke demons (Depths:3)
  24 naga magi
  2 unseen horrors (Depths:4)
  A hellion (Depths:3)
  11 rime drakes
  26 yaktaurs
  A rime drake (shapeshifter) (D:14)
  19 freezing wraiths
  A hellwing (Depths:3)
  2 efreet
  22 tengu conjurers
  5 komodo dragons
  3 ice devils (IceCv)
  2 anaconda simulacra (IceCv)
  An entropy weaver simulacrum (IceCv)
  A troll (Snake:3)
  2 tengu simulacra
  2 polar bears
  7 tyrant leeches
  6 meliai
  A bloated husk (Swamp:4)
  Prince Ribbit (D:8)
  45 saltlings
  A tarantella (Vaults:3)
  2 hornets (shapeshifter)
  22 hornets
  A dream sheep (shapeshifter) (Depths:2)
  12 dream sheep
  A spriggan zombie (Depths:1)
  A spectral elephant (Lair:6)
  30 blink frogs
  An iron dragon simulacrum (Depths:1)
  An ettin zombie (Depths:1)
  A stone giant simulacrum (Depths:1)
  A jumping spider (shapeshifter) (D:15)
  3 air elementals
  7 water elementals
  A shadow (D:6)
  13 spriggans
  7 dire elephant simulacra (IceCv)
  8 wraiths
  16 humans (D:13)
  36 yaks
  Eustachio (D:6)
  9 basilisks
  5 fire elementals
  2 vampires
  4 wyverns
  A redback simulacrum (D:15)
  2 neqoxecs (Depths:3)
  2 chaos spawn
  6 redbacks
  A minotaur simulacrum (IceCv)
  A death yak simulacrum (Lair:6)
  4 vampire mosquitoes
  44 nagas
  11 swamp worms
  4 small abominations (Depths:4)
  2 harpy simulacra (IceCv)
  3 hydra simulacra (IceCv)
  3 wargs
  13 water moccasins
  A floating eye (shapeshifter) (Depths:2)
  3 acid dragons
  5 hell hounds
  A floating eye (Depths:2)
  A meliai simulacrum (D:15)
  7 swamp drakes (Swamp:4)
  4 ice beasts
  39 orc warriors
  A sky beast (D:6)
  4 alligator simulacra (IceCv)
  A black bear (D:7)
  5 ettin simulacra (IceCv)
  6 ogres
  A boggart (Elf:3)
  25 centaurs
  16 wolves
  An elephant skeleton (Lair:6)
  A phantom (D:4)
  A kobold brigand (D:7)
  4 elf zombies (Elf:1)
  2 scorpions (D:7)
  10 bullfrogs
  A gnoll sergeant (D:11)
  2 earth elementals
  A wyvern zombie (D:7)
  2 water moccasin skeletons
  An elephant simulacrum (Lair:6)
  2 lindwurm simulacra (IceCv)
  4 killer bees (D:9)
  12 wights
  3 electric eels
  A howler monkey (D:13)
  A lava snake (D:12)
  A bullfrog zombie (D:6)
  15 orc priests
  3 hounds
  A centaur skeleton (D:7)
  4 centaur zombies
  2 bullfrog skeletons
  2 gnoll shamans
  4 iguanas
  11 orc wizards
  10 hell rats
  A howler monkey zombie (D:10)
  13 gnolls
  5 adders
  2 shadow imps
  4 worms
  2 dart slugs
  69 orcs
  3 endoplasms
  3 giant cockroaches
  11 hobgoblins
  7 jackals (D:2)
  13 kobolds
  A quokka (D:3)
  10 ball pythons
  7 bats
  2 frilled lizards (D:2)
  9 goblins
  11 rats
  8 briar patches
  A butterfly (Lair:6)
2090 creatures vanquished.

Vanquished Creatures (others)
  A hydra (Swamp:4)
  A deep elf knight (Elf:1)
  A spectral anaconda (Lair:6)
  A spriggan druid (Swamp:3)
  A deep elf zephyrmancer (Elf:1)
  A naga mage (Snake:1)
  2 tengu conjurers
  A bloated husk (Swamp:4)
  A spriggan (Depths:2)
  2 orcs
  8 foxfires
  30 fungi
  52 plants
  25 withered plants
127 creatures vanquished.

Grand Total: 2217 creatures vanquished

Notes
Turn   | Place    | Note
-------+----------+-------------------------------------------
     0 | D:1      | chanchanman the Minotaur Fighter began the quest for the
                  | Orb.
     0 | D:1      | Reached XP level 1. HP: 19/19 MP: 0/0
   146 | D:1      | Reached skill level 4 in Fighting
   261 | D:1      | Reached XP level 2. HP: 28/28 MP: 1/1
   278 | D:1      | Found a faded altar of an unknown god.
   577 | D:1      | Reached skill level 5 in Fighting
   949 | D:1      | Reached XP level 3. HP: 32/36 MP: 2/2
  1766 | D:2      | Reached skill level 1 in Throwing
  2209 | D:2      | Reached XP level 4. HP: 35/42 MP: 3/3
  2609 | D:3      | Reached XP level 5. HP: 37/48 MP: 4/4
  3219 | D:4      | Noticed a phantom
  3227 | D:4      | Killed a phantom
  3228 | D:4      | Reached skill level 5 in Armour
  3603 | D:4      | Reached skill level 5 in Axes
  3603 | D:4      | Reached XP level 6. HP: 47/56 MP: 5/5
  4152 | D:5      | Entered Level 5 of the Dungeon
  4513 | D:5      | Found an ancient bone altar of Kikubaaqudgha.
  4518 | D:5      | Found a sparkling altar of Nemelex Xobeh.
  4521 | D:5      | Found a radiant altar of Vehumet.
  4521 | D:5      | Found a broken altar of Ashenzari.
  4528 | D:5      | Found a white marble altar of Elyvilon.
  4919 | D:5      | Reached XP level 7. HP: 49/61 MP: 6/6
  5383 | D:6      | Noticed Eustachio
  5884 | D:6      | Reached skill level 6 in Fighting
  5995 | D:6      | Found Qasakkaq's Distillery.
  6005 | D:6      | Bought a potion of curing for 33 gold pieces
  6005 | D:6      | Bought a potion of haste for 110 gold pieces
  6119 | D:6      | Reached XP level 8. HP: 40/71 MP: 7/7
  6417 | D:6      | Identified the +7 trident of Osudusy {distort, *Noise rPois
                  | Int+4}
  6463 | D:6      | Killed Eustachio
  6464 | D:6      | Reached skill level 7 in Fighting
  6589 | D:6      | Reached skill level 8 in Fighting
  6662 | D:6      | Found Paudu's Book Emporium.
  6750 | D:6      | Identified the +4 hand axe of Animal Spirits {protect,
                  | rPois Str+4}
  7149 | D:6      | Reached skill level 9 in Fighting
  7601 | D:7      | Found a shimmering blue altar of Sif Muna.
  7868 | D:7      | Reached skill level 10 in Fighting
  8186 | D:7      | Reached XP level 9. HP: 62/85 MP: 8/8
  8355 | D:7      | Found a staircase to the Ecumenical Temple.
  8364 | Temple   | Entered the Ecumenical Temple
  8502 | Temple   | Became a worshipper of Warmaster Okawaru
  8905 | D:8      | Reached skill level 10 in Axes
  8905 | D:8      | Reached skill level 1 in Invocations
  8915 | D:8      | Noticed Maurice
  9490 | D:8      | Noticed a two-headed ogre
  9547 | D:8      | Noticed a skeletal warrior
  9608 | D:8      | Noticed Gastronok
  9823 | D:8      | Noticed Prince Ribbit
  9823 | D:8      | Noticed a skeletal warrior
  9823 | D:8      | Noticed a skeletal warrior
  9838 | D:8      | Reached * piety under Okawaru
  9839 | D:8      | Reached skill level 5 in Throwing
 10002 | D:8      | Killed Prince Ribbit
 10449 | D:9      | Reached skill level 5 in Invocations
 10558 | D:9      | Killed a skeletal warrior
 10559 | D:9      | Reached skill level 5 in Shields
 10559 | D:9      | Reached XP level 10. HP: 79/93 MP: 12/12
 10840 | D:9      | Killed a skeletal warrior
 10998 | D:9      | Noticed a two-headed ogre
 11008 | D:9      | Killed a two-headed ogre
 11008 | D:9      | Reached ** piety under Okawaru
 11705 | D:10     | Entered Level 10 of the Dungeon
 11730 | D:10     | Killed a skeletal warrior
 11730 | D:10     | Reached *** piety under Okawaru
 11973 | D:10     | Found Dimil's General Store.
 12038 | D:10     | Killed a two-headed ogre
 12039 | D:10     | Reached skill level 10 in Armour
 12428 | D:10     | Noticed a two-headed ogre
 12437 | D:10     | Killed a two-headed ogre
 12437 | D:10     | Reached **** piety under Okawaru
 12767 | D:11     | Reached XP level 11. HP: 101/101 MP: 14/14
 12857 | D:11     | Killed Maurice
 13599 | D:11     | Received a gift from Okawaru
 13639 | D:11     | Found a staircase to the Lair.
 13678 | D:11     | Found Oheling's Assorted Antiques.
 14044 | Lair:1   | Entered Level 1 of the Lair of Beasts
 14089 | Lair:1   | Reached skill level 11 in Fighting
 14664 | Lair:1   | Found a dark tunnel.
 14664 | Lair:1   | Noticed a lindwurm
 14673 | Lair:1   | Killed a lindwurm
 14719 | Volcano  | Entered a volcano
 14722 | Volcano  | Noticed a wizard
 14903 | Lair:2   | Received a gift from Okawaru
 14940 | Lair:2   | Noticed a six-headed hydra
 14951 | Lair:2   | Killed a six-headed hydra
 14951 | Lair:2   | Reached ***** piety under Okawaru
 15207 | Lair:2   | Reached skill level 12 in Fighting
 15507 | Lair:2   | Received a gift from Okawaru
 15532 | Lair:2   | Reached skill level 10 in Shields
 15942 | Lair:3   | Identified the +0 hat of Compression {rF+ Regen+ Int+7
                  | Stlth-} (Okawaru gifted it to you on level 3 of the Lair of
                  | Beasts)
 15942 | Lair:3   | Received a gift from Okawaru
 16023 | Lair:3   | Noticed a death yak
 16024 | Lair:3   | Noticed a death yak
 16060 | Lair:3   | Killed a death yak
 16061 | Lair:3   | Reached XP level 12. HP: 81/112 MP: 16/16
 16099 | Lair:3   | Noticed a death yak
 16117 | Lair:3   | Killed a death yak
 16138 | Lair:3   | Killed a death yak
 16489 | Lair:3   | Noticed a death yak
 16490 | Lair:3   | Noticed a death yak
 16506 | Lair:3   | Noticed a death yak
 16507 | Lair:3   | Noticed a death yak
 16535 | Lair:3   | Killed a death yak
 16569 | Lair:3   | Killed a death yak
 16574 | Lair:3   | Killed a death yak
 16581 | Lair:3   | Killed a death yak
 16890 | Lair:3   | Noticed an eight-headed hydra
 16895 | Lair:3   | Reached skill level 10 in Throwing
 16895 | Lair:3   | Reached skill level 10 in Invocations
 16901 | Lair:3   | Killed an eight-headed hydra
 16901 | Lair:3   | Received a gift from Okawaru
 17415 | Lair:4   | Received a gift from Okawaru
 17420 | Lair:4   | Noticed Josephine
 17434 | Lair:4   | Killed Josephine
 17434 | Lair:4   | Received a gift from Okawaru
 17435 | Lair:4   | Reached skill level 13 in Fighting
 17534 | Lair:4   | Reached XP level 13. HP: 122/122 MP: 16/19
 17541 | Lair:4   | Received a gift from Okawaru
 17669 | Lair:4   | Reached skill level 14 in Fighting
 17762 | Lair:4   | Found a staircase to the Swamp.
 17895 | Lair:4   | Identified the +6 crystal plate armour "Hieraet" {Rampage
                  | rF- rN++ Int+4} (Okawaru gifted it to you on level 4 of the
                  | Lair of Beasts)
 17895 | Lair:4   | Received a gift from Okawaru
 18010 | Lair:4   | Found a staircase to the Snake Pit.
 18023 | Lair:4   | Reached skill level 15 in Fighting
 18054 | Lair:4   | Found a runed translucent door.
 18055 | Lair:4   | Found a shimmering altar of Xom.
 18055 | Lair:4   | Noticed kaikaun's ghost (journeyman GnCA)
 18459 | Lair:5   | Reached skill level 16 in Fighting
 18754 | Lair:5   | Found a viscous altar of Jiyva.
 18755 | Lair:5   | Found a staircase to the Slime Pits.
 18774 | Lair:5   | Reached skill level 17 in Fighting
 19472 | Lair:6   | Entered Level 6 of the Lair of Beasts
 19488 | Lair:5   | Received a gift from Okawaru
 19535 | Lair:6   | Received a gift from Okawaru
 19591 | Lair:6   | Reached XP level 14. HP: 124/140 MP: 20/20
 19662 | Lair:6   | Received a gift from Okawaru
 19662 | Lair:6   | Found the +1 cloak of Starlight {*Dazzle EV+4 Stlth--}
 20434 | Lair:6   | Identified the amulet of Kuackuryh {Reflect Regen+ SH+5}
 21024 | Lair:6   | Reached ****** piety under Okawaru
 21295 | Lair:6   | Received a gift from Okawaru
 21563 | D:12     | Found Wafikh's Book Boutique.
 21665 | D:12     | Found a staircase to the Orcish Mines.
 21709 | Orc:1    | Entered Level 1 of the Orcish Mines
 21750 | Orc:1    | Reached XP level 15. HP: 147/147 MP: 23/23
 21772 | Orc:1    | Noticed Sonja
 21777 | Orc:1    | Killed Sonja
 21858 | Orc:2    | Entered Level 2 of the Orcish Mines
 21898 | Orc:2    | Found Wunuinyl's Book Shoppe.
 22096 | Orc:2    | Found Nibeuf's Jewellery Shoppe.
 22096 | Orc:2    | Found Wiricwor's Book Boutique.
 22173 | Orc:2    | Found Yvojowoe's Book Shop.
 22175 | Orc:2    | Found Ompiag's Weapon Emporium.
 22298 | Orc:2    | Noticed an orc warlord
 22303 | Orc:2    | Noticed Jorgrun
 22319 | Orc:2    | Killed an orc warlord
 22324 | Orc:2    | Killed Jorgrun
 22530 | Orc:2    | Found a staircase to the Elven Halls.
 22645 | Orc:2    | Noticed brownlove's ghost (journeyman MiBe)
 22647 | Orc:2    | Found a runed translucent door.
 22741 | Orc:2    | Killed brownlove's ghost
 22863 | Orc:1    | Reached skill level 15 in Axes
 23004 | Orc:1    | Noticed Fannar
 23007 | Orc:1    | Killed Fannar
 23219 | D:12     | Found Jecuuk's Weapon Boutique.
 23228 | D:12     | Bought 2 boomerangs for 10 gold pieces
 23251 | D:12     | Found Xaofetuh's Distillery.
 23259 | D:12     | Bought a potion of curing for 42 gold pieces
 23259 | D:12     | Bought a potion of haste for 140 gold pieces
 23259 | D:12     | Bought a potion of invisibility for 112 gold pieces
 23271 | D:12     | Noticed Nessos
 23278 | D:12     | Killed Nessos
 23278 | D:12     | Received a gift from Okawaru
 23365 | D:12     | Found Olulec's Antique Armour Shoppe.
 23404 | D:12     | Found a transporter.
 23410 | D:12     | Found a transporter.
 23452 | D:12     | Received a gift from Okawaru
 23537 | D:12     | Noticed Rupert
 23537 | D:12     | Paralysed by Rupert for 7 turns
 23562 | D:12     | Killed Rupert
 23663 | D:12     | Found Begeps's General Store.
 23666 | D:12     | Bought a scroll of blinking for 135 gold pieces
 23666 | D:12     | Bought a scroll of fear for 63 gold pieces
 23666 | D:12     | Bought a scroll of teleportation for 54 gold pieces
 23666 | D:12     | Bought a scroll of identify for 36 gold pieces
 23975 | D:12     | Noticed Skilfsilihog's ghost (journeyman MiFi)
 24082 | D:13     | Found a gate to the Vaults.
 24324 | D:13     | Identified the +9 broad axe "Ycleul" {pain, Fly Int+6
                  | Dex+3}
 24498 | D:13     | Found an iron altar of Okawaru.
 24853 | D:13     | Identified the +9 hand crossbow of Discord {penet, rElec
                  | rN+} (Okawaru gifted it to you on level 13 of the Dungeon)
 24853 | D:13     | Received a gift from Okawaru
 25014 | D:14     | Reached XP level 16. HP: 155/155 MP: 24/24
 25148 | D:14     | Identified the +9 long sword of World's End {flame, *Noise
                  | Str+4}
 25195 | D:14     | Noticed a tengu reaver
 25202 | D:14     | Killed a tengu reaver
 25842 | D:14     | Found a basalt altar of Yredelemnul.
 25979 | D:14     | Received a gift from Okawaru
 26032 | D:15     | Entered Level 15 of the Dungeon
 26137 | D:15     | Found a gate leading to a gauntlet.
 26165 | Gauntlet | Entered a Gauntlet
 26165 | Gauntlet | Found a transporter.
 26165 | Gauntlet | Found a runed translucent door.
 26165 | Gauntlet | Found a transporter.
 26171 | Gauntlet | Found a transporter.
 26184 | Gauntlet | Found a transporter.
 26202 | Gauntlet | Found a transporter.
 26202 | Gauntlet | Found a transporter.
 26202 | Gauntlet | Found a transporter.
 26205 | Gauntlet | Found a transporter.
 26205 | Gauntlet | Found a transporter.
 26217 | Gauntlet | Found a transporter.
 26235 | Gauntlet | Found a transporter.
 26245 | Gauntlet | Found a transporter.
 26261 | Gauntlet | Found a transporter.
 26280 | Gauntlet | Found a transporter.
 26289 | Gauntlet | Found a runed translucent door.
 26403 | Gauntlet | Identified the amulet "Qoqegg" {Faith Fly}
 26459 | Gauntlet | Identified the +1 ring mail of Rireecze {rCorr}
 26462 | Gauntlet | Identified the +1 robe of the Hippo {rF+ rC+}
 26466 | Gauntlet | Got Ganep's Almanac of the Voyage
 27188 | D:15     | Found a sacrificial altar of Ru.
 27263 | D:15     | Identified the +1 buckler "Emoesio" {Int+2} (Okawaru gifted
                  | it to you on level 15 of the Dungeon)
 27263 | D:15     | Received a gift from Okawaru
 27266 | D:15     | Reached skill level 15 in Throwing
 27303 | D:15     | Found a staircase to the Depths.
 27535 | D:12     | Bought a runed plate armour for 858 gold pieces
 27662 | Snake:1  | Entered Level 1 of the Snake Pit
 27808 | Snake:1  | Identified the +5 mace "Pyonuv" {elec, rC++ SInv Stlth+}
 27915 | Snake:1  | Noticed Aizul
 27921 | Snake:1  | Killed Aizul
 28246 | Snake:1  | Identified the +2 robe "Zidwor" {Harm *Slow rCorr Stlth+}
 28865 | Snake:2  | Received a gift from Okawaru
 28998 | Snake:2  | Reached XP level 17. HP: 161/161 MP: 25/25
 29056 | Snake:2  | Received a gift from Okawaru
 29173 | Snake:2  | Noticed Roxanne
 29183 | Snake:2  | Killed Roxanne
 29183 | Snake:2  | Received a gift from Okawaru
 29271 | Snake:2  | Noticed Vashnia
 29280 | Snake:2  | Killed Vashnia
 29290 | Arena    | Entered the Arena
 29312 | Snake:2  | Reached skill level 15 in Shields
 29465 | Snake:2  | Identified the +5 ring mail of the Villain {Str+4 Int-4
                  | Dex+3} (Okawaru gifted it to you on level 2 of the Snake
                  | Pit)
 29465 | Snake:2  | Received a gift from Okawaru
 30274 | Snake:3  | Noticed Saint Roka
 30282 | Snake:3  | Killed Saint Roka
 30348 | Snake:3  | Noticed Azrael
 30354 | Snake:3  | Killed Azrael
 30925 | Snake:3  | Received a gift from Okawaru
 31346 | Snake:4  | Entered Level 4 of the Snake Pit
 31356 | Snake:4  | Found Xuac's Magic Scroll Shoppe.
 31356 | Snake:4  | Found Bonolub's Antique Weapon Emporium.
 31417 | Snake:4  | Bought a scroll of identify for 36 gold pieces
 31567 | Snake:4  | Received a gift from Okawaru
 31622 | Snake:4  | Noticed a quicksilver dragon
 31630 | Snake:4  | Noticed a quicksilver dragon
 31639 | Snake:4  | Killed a quicksilver dragon
 31642 | Snake:4  | Killed a quicksilver dragon
 31642 | Snake:4  | Identified the +1 pair of gloves of Qieg Zua {Int+2}
                  | (Okawaru gifted it to you on level 4 of the Snake Pit)
 31642 | Snake:4  | Received a gift from Okawaru
 31876 | Snake:4  | Reached XP level 18. HP: 93/169 MP: 23/26
 31963 | Snake:4  | Got a serpentine rune of Zot
 32654 | Swamp:1  | Entered Level 1 of the Swamp
 32654 | Swamp:1  | Noticed Frances
 32663 | Swamp:1  | Killed Frances
 32664 | Swamp:1  | Reached skill level 15 in Armour
 33023 | Swamp:1  | Reached skill level 18 in Fighting
 33453 | Swamp:2  | Found a frozen archway.
 33510 | IceCv    | Entered an ice cave
 33553 | IceCv    | Reached skill level 19 in Fighting
 33675 | IceCv    | Found an ancient bone altar of Kikubaaqudgha.
 33687 | IceCv    | Identified the +6 quarterstaff of Defence {vorpal, rPois
                  | MP+9 Str+2 Dex+3} (Okawaru gifted it to you in an ice cave)
 33687 | IceCv    | Received a gift from Okawaru
 33823 | IceCv    | Noticed a lich
 33828 | IceCv    | Killed a lich
 33961 | IceCv    | Identified the ring of Vaqo {rElec rPois rN+ MP+9 Int-4}
 34282 | Swamp:2  | Reached skill level 20 in Fighting
 34418 | Swamp:2  | Identified the amulet of Yzeir {Acrobat rPois rC++ MP-9
                  | Dex+2}
 34922 | Swamp:3  | Received a gift from Okawaru
 35010 | Swamp:3  | Noticed a tentacled monstrosity
 35027 | Swamp:3  | Killed a tentacled monstrosity
 35083 | Swamp:3  | Received a gift from Okawaru
 35308 | Swamp:3  | Identified the +5 hand axe of the Wizarding Moth {venom,
                  | rN+ Str+2 Dex+2}
 35425 | Swamp:3  | Noticed Louise
 35430 | Swamp:3  | Killed Louise
 35577 | Swamp:4  | Entered Level 4 of the Swamp
 35746 | Swamp:4  | Reached XP level 19. HP: 178/185 MP: 27/27
 35869 | Swamp:4  | Got a decaying rune of Zot
 35883 | Swamp:4  | Identified the +1 ring mail of Trumpets {Fly rPois rF+
                  | Int-4}
 36208 | Swamp:4  | Identified the amulet "Veqeytisk" {Faith rPois}
 36634 | Elf:1    | Entered Level 1 of the Elven Halls
 36639 | Elf:1    | Identified a scroll of acquirement
 36698 | Elf:1    | Acquired the +1 pair of gloves of the Evening {rCorr Str+3
                  | Stlth-}
 36725 | Elf:1    | Found Xogonu's Distillery.
 36731 | Elf:1    | Bought a potion of heal wounds for 60 gold pieces
 36731 | Elf:1    | Bought a potion of haste for 120 gold pieces
 36731 | Elf:1    | Bought a potion of cancellation for 96 gold pieces
 36731 | Elf:1    | Bought a potion of might for 48 gold pieces
 36734 | Elf:1    | Paralysed by an air elemental for 1 turns
 36746 | Elf:1    | Identified the +1 pair of boots "Femak" {rF+ rC+ Regen+
                  | Int+4} (Okawaru gifted it to you on level 1 of the Elven
                  | Halls)
 36746 | Elf:1    | Received a gift from Okawaru
 36846 | Elf:1    | Found a magical portal.
 36858 | WizLab   | Entered Iskenderun's Mystic Tower
 37548 | WizLab   | Got Iskenderun's Handbook of Attacks
 37548 | WizLab   | Got Iskenderun's Grimoire of Conjuration
 38042 | Elf:1    | Got the Reference Book on Sinister Secrets
 38296 | Elf:2    | Found a runed translucent gate.
 38297 | Elf:2    | Found a runed translucent gate.
 38297 | Elf:2    | Found a runed translucent gate.
 38343 | Elf:2    | Identified the +1 pair of gloves "Pabbucw" {rN+ Will-
                  | Regen+ Dex+4} (Okawaru gifted it to you on level 2 of the
                  | Elven Halls)
 38343 | Elf:2    | Received a gift from Okawaru
 38598 | Elf:2    | Found a runed translucent gate.
 38598 | Elf:2    | Found a runed translucent gate.
 38598 | Elf:2    | Found a runed translucent gate.
 38743 | Elf:2    | Reached XP level 20. HP: 191/193 MP: 28/28
 39154 | Elf:3    | Entered Level 3 of the Elven Halls
 39352 | Elf:3    | Found a radiant altar of Vehumet.
 39448 | Elf:3    | Identified the +7 hand crossbow of Ufucay {vorpal, *Slow
                  | rF+ Int+3} (Okawaru gifted it to you on level 3 of the
                  | Elven Halls)
 39448 | Elf:3    | Received a gift from Okawaru
 39611 | Elf:3    | Found the +0 mask of the Dragon {Will+ Slay+3 SInv}
 39650 | Elf:3    | Found Omiqymey's Magic Scroll Boutique.
 39651 | Elf:3    | Found Plog's Distillery.
 39651 | Elf:3    | Found Lylanu's General Store.
 39662 | Elf:3    | Bought a potion of heal wounds for 75 gold pieces
 39662 | Elf:3    | Bought a potion of curing for 45 gold pieces
 39662 | Elf:3    | Bought a potion of curing for 45 gold pieces
 39662 | Elf:3    | Bought a potion of curing for 45 gold pieces
 39662 | Elf:3    | Bought a potion of resistance for 150 gold pieces
 39662 | Elf:3    | Bought a potion of cancellation for 120 gold pieces
 39717 | Elf:3    | Bought a scroll of teleportation for 51 gold pieces
 39717 | Elf:3    | Bought a scroll of magic mapping for 59 gold pieces
 40259 | Elf:3    | Identified the +6 great sword of the Dripping Shrike
                  | {vorpal, rC+ rCorr Str+6}
 40280 | Elf:3    | Identified the +6 whip of Xuimm {freeze, rC+ SInv Stlth-}
 40322 | Elf:3    | Identified the +7 mace of Eternal Vigilance {drain, rF-
                  | Int+4}
 40616 | Vaults:1 | Entered Level 1 of the Vaults
 40693 | Vaults:1 | Identified the +14 crystal plate armour "Dekall" {Harm
                  | rPois rN+ Will+} (Okawaru gifted it to you on level 1 of
                  | the Vaults)
 40693 | Vaults:1 | Received a gift from Okawaru
 41160 | Vaults:1 | Identified the +1 robe of Moral Flaws {Drain Dex+2 SInv}
 41169 | Vaults:1 | Found a radiant altar of Vehumet.
 41209 | Vaults:1 | Identified the +0 hat "Udiennunk" {rC+}
 41212 | Vaults:1 | Identified the +0 robe of Joriluug {rElec rC+ Will-}
 41662 | Vaults:2 | Found Xugie's Distillery.
 41824 | Vaults:2 | Found a crumbling gateway.
 41831 | Vaults:2 | Reached XP level 21. HP: 201/201 MP: 29/29
 41839 | Desolati | Entered the Desolation of Salt
 42006 | Desolati | Received a gift from Okawaru
 42032 | Desolati | Identified the ring "Katof" {rElec Int-5 Dex-2 SInv Stlth+}
 42039 | Desolati | Identified the +5 plate armour "Reimm" {Int+2 Dex+7 Slay+5
                  | Stlth-}
 42140 | Desolati | Identified the +1 crystal plate armour "Xurar" {rPois rF+}
                  | (Okawaru gifted it to you in the Desolation of Salt)
 42140 | Desolati | Received a gift from Okawaru
 42174 | Desolati | Got the Almanac of Malediction
 42179 | Desolati | Identified the +4 hand crossbow of Integrity {venom, +Blink
                  | rPois rC++ Int-4}
 42180 | Desolati | Identified the ring of Neurosis {rPois rCorr EV+4 Int+5
                  | Dex-5}
 42224 | Desolati | Identified the +2 leather armour "Kacaun" {Rampage}
 42307 | Desolati | Identified the ring of Scepticism {rF+ Slay+4}
 42343 | Desolati | Identified the ring of Foolhardiness {*Corrode rC- Will+
                  | Dex+5 Stlth+}
 42649 | Vaults:2 | Noticed Donald
 42675 | Vaults:2 | Killed Donald
 42757 | Vaults:2 | Bought a potion of curing for 36 gold pieces
 42757 | Vaults:2 | Bought 2 potions of curing for 72 gold pieces
 42757 | Vaults:2 | Bought 2 potions of heal wounds for 120 gold pieces
 42757 | Vaults:2 | Bought a potion of haste for 120 gold pieces
 42757 | Vaults:2 | Bought a potion of invisibility for 96 gold pieces
 42788 | Vaults:2 | Found Hyth's Assorted Antiques.
 42803 | Vaults:2 | Noticed Mennas
 42831 | Vaults:2 | Killed Mennas
 42965 | Vaults:2 | Found Xiabi's Distillery.
 42973 | Vaults:2 | Bought a potion of curing for 63 gold pieces
 42973 | Vaults:2 | Bought a potion of curing for 63 gold pieces
 42973 | Vaults:2 | Bought a potion of haste for 210 gold pieces
 42973 | Vaults:2 | Bought 2 potions of curing for 126 gold pieces
 42973 | Vaults:2 | Bought a potion of might for 84 gold pieces
 43768 | Vaults:3 | Received a gift from Okawaru
 43964 | Vaults:3 | Found a staircase to the Crypt.
 43964 | Vaults:3 | Found an ancient bone altar of Kikubaaqudgha.
 43964 | Vaults:3 | Found a basalt altar of Yredelemnul.
 44080 | Vaults:3 | Found a transporter.
 44097 | Vaults:3 | Found a transporter.
 44329 | Vaults:3 | Found Neshoun's Armour Shop.
 44367 | Vaults:3 | Found Moonwoc's Jewellery Boutique.
 44441 | Vaults:3 | Reached skill level 21 in Fighting
 44503 | Vaults:3 | Found Qoitz's General Store.
 44841 | Vaults:4 | Found a large runed translucent door.
 44841 | Vaults:4 | Found a large runed translucent door.
 44841 | Vaults:4 | Found a large runed translucent door.
 44841 | Vaults:4 | Found a large runed translucent door.
 44841 | Vaults:4 | Found a large runed translucent door.
 44841 | Vaults:4 | Found a large runed translucent door.
 44841 | Vaults:4 | Noticed DunwichHorror's ghost (veteran HOFi)
 44842 | Vaults:4 | Found a large runed translucent door.
 44842 | Vaults:4 | Found a large runed translucent door.
 44946 | Vaults:4 | Reached XP level 22. HP: 213/213 MP: 30/30
 44956 | Vaults:4 | Noticed a dread lich
 44962 | Vaults:4 | Killed a dread lich
 44971 | Vaults:4 | Reached skill level 22 in Fighting
 45165 | Vaults:4 | Identified the +3 pair of boots "Vapuq" {Int+3 Dex+7 SInv}
 45467 | Vaults:4 | Identified the +2 plate armour of Hubris {Rampage rPois
                  | rN+++ Slay-5} (Okawaru gifted it to you on level 4 of the
                  | Vaults)
 45467 | Vaults:4 | Received a gift from Okawaru
 45787 | Vaults:5 | Entered Level 5 of the Vaults
 45795 | Vaults:5 | Noticed a golden dragon
 45800 | Vaults:5 | Reached skill level 23 in Fighting
 45800 | Vaults:5 | Noticed an ancient lich
 45835 | Vaults:5 | Killed a golden dragon
 45838 | Vaults:5 | Killed an ancient lich
 45845 | Vaults:5 | Noticed a dread lich
 45894 | Vaults:5 | Killed a dread lich
 45895 | Vaults:5 | Reached skill level 24 in Fighting
 46119 | D:10     | Bought a potion of haste for 110 gold pieces
 46119 | D:10     | Bought a scroll of enchant armour for 82 gold pieces
 46317 | Elf:3    | Bought a scroll of enchant armour for 127 gold pieces
 46612 | Vaults:5 | Received a gift from Okawaru
 46644 | Vaults:5 | Received a gift from Okawaru
 46728 | Vaults:5 | Identified the +0 pair of boots "Hasisap" {Drain rElec
                  | rN+++ Str+3} (Okawaru gifted it to you on level 5 of the
                  | Vaults)
 46728 | Vaults:5 | Received a gift from Okawaru
 46752 | Vaults:5 | Noticed a golden dragon
 46758 | Vaults:5 | Killed a golden dragon
 46870 | Vaults:5 | Reached skill level 25 in Fighting
 46935 | Vaults:5 | Identified the ring of Serendipity {rPois Str+5 Int+6}
 47005 | Vaults:5 | Noticed Bai Suzhen
 47013 | Vaults:5 | Killed Bai Suzhen
 47068 | Vaults:5 | Got a silver rune of Zot
 47081 | Vaults:5 | Noticed Frederick
 47089 | Vaults:5 | Killed Frederick
 47108 | Vaults:5 | Noticed an ancient lich
 47153 | Vaults:5 | Killed an ancient lich
 47154 | Vaults:5 | Reached XP level 23. HP: 180/236 MP: 31/31
 47170 | Vaults:5 | Identified the ring "Jeddosm" {Fly rElec rC+ Int-2 Slay+3}
 47174 | Vaults:5 | Reached skill level 26 in Fighting
 48071 | Depths:1 | Entered Level 1 of the Depths
 48238 | Depths:1 | Found a gateway to Hell.
 48289 | Depths:1 | Received a gift from Okawaru
 48569 | Depths:1 | Reached skill level 27 in Fighting
 48572 | Depths:1 | Reached skill level 1 in Dodging
 49282 | Depths:2 | Reached skill level 5 in Dodging
 49498 | Depths:2 | Noticed a caustic shrike
 49509 | Depths:2 | Killed a caustic shrike
 49716 | Depths:2 | Identified the +9 war axe of Causality {spect, rN++ Int-2
                  | Dex+5}
 49718 | Depths:2 | Identified the +11 lajatang "Beastbane" {elec, Will+ Int+4
                  | Dex+7 SInv}
 49720 | Depths:2 | Got the Incunabulum of Ashen Flames
 49723 | Depths:2 | Got the Papyrus of Infinity
 49724 | Depths:2 | Identified the +1 plate armour of Ymniv {rF+ rCorr}
 49833 | Depths:2 | Identified the +4 flail "Worm" {freeze, Str+4}
 49904 | Depths:2 | Got the Disquisition on Dusty Arcane Weapons
 49909 | Depths:2 | Identified the +8 hand axe of Tenacity {pain, +Blink Will+
                  | Dex+4}
 50175 | Depths:2 | Identified the +10 hand axe of Rixkaot {distort, rC+ SInv}
                  | (Okawaru gifted it to you on level 2 of the Depths)
 50175 | Depths:2 | Received a gift from Okawaru
 50363 | Depths:2 | Found a one-way gate leading to the halls of Pandemonium.
 50607 | Depths:2 | Acquired 580 gold pieces
 50690 | Depths:3 | Found a one-way gate to the infinite horrors of the Abyss.
 50790 | Depths:3 | Found a one-way gateway to a ziggurat.
 51214 | Depths:3 | Found a runed translucent door.
 51414 | Depths:3 | Reached XP level 24. HP: 249/249 MP: 31/31
 51771 | Depths:4 | Entered Level 4 of the Depths
 51902 | Depths:4 | Received a gift from Okawaru
 51988 | Depths:4 | Found a gate to the Realm of Zot.
 52027 | Depths:4 | Identified the +4 executioner's axe "Hajoqaof" {speed,
                  | Drain rElec Will+} (Okawaru gifted it to you on level 4 of
                  | the Depths)
 52027 | Depths:4 | Received a gift from Okawaru
 52069 | Depths:4 | Reached skill level 10 in Dodging
 52216 | Depths:4 | Found Xadwi's Distillery.
 52242 | Depths:4 | Bought a potion of curing for 39 gold pieces
 52242 | Depths:4 | Bought a potion of curing for 39 gold pieces
 52242 | Depths:4 | Bought 2 potions of heal wounds for 130 gold pieces
 52242 | Depths:4 | Bought a potion of invisibility for 104 gold pieces
 52242 | Depths:4 | Bought a potion of might for 52 gold pieces
 52395 | Depths:4 | Found a stormy altar of Qazlal.
 52754 | Depths:4 | Received a gift from Okawaru
 53592 | Zot:1    | Entered Level 1 of the Realm of Zot
 53650 | Zot:1    | Identified the -9 kite shield of the Distant Future {rPois
                  | rC+++ Int+3} (Okawaru gifted it to you on level 1 of the
                  | Realm of Zot)
 53650 | Zot:1    | Received a gift from Okawaru
 53937 | Zot:3    | Reached skill level 15 in Dodging
 54082 | Zot:5    | Entered Level 5 of the Realm of Zot
 54088 | Zot:5    | Received a gift from Okawaru
 54326 | Zot:5    | Found a runed translucent door.
 54326 | Zot:5    | Noticed Radamante's ghost (legendary GnFi)
 54549 | Zot:5    | Reached XP level 25. HP: 214/257 MP: 31/31
 54640 | Zot:5    | Noticed an ancient lich
 54643 | Zot:5    | Noticed an orb of fire
 54649 | Zot:5    | Killed an ancient lich
 54650 | Zot:5    | Killed an orb of fire
 54651 | Zot:5    | Noticed a Killer Klown
 54651 | Zot:5    | Noticed an orb of fire
 54654 | Zot:5    | Killed a Killer Klown
 54656 | Zot:5    | Noticed a Killer Klown
 54660 | Zot:5    | Killed an orb of fire
 54661 | Zot:5    | Noticed a Killer Klown
 54664 | Zot:5    | Killed a Killer Klown
 54664 | Zot:5    | Identified the +0 pair of gloves "Ifippap" {*Corrode rF++
                  | Will+ Int+2} (Okawaru gifted it to you on level 5 of the
                  | Realm of Zot)
 54664 | Zot:5    | Received a gift from Okawaru
 54667 | Zot:5    | Noticed a Killer Klown
 54669 | Zot:5    | Killed a Killer Klown
 54684 | Zot:5    | Noticed a Killer Klown
 54695 | Zot:5    | Noticed a Killer Klown
 54704 | Zot:5    | Killed a Killer Klown
 54721 | Zot:5    | Killed a Killer Klown
 54725 | Zot:5    | Killed a Killer Klown
 54744 | Zot:5    | Noticed a Killer Klown
 54744 | Zot:5    | Noticed a Killer Klown
 54751 | Zot:5    | a Killer Klown changed into a titan
 54775 | Zot:5    | Killed a Killer Klown
 55342 | Zot:5    | Identified the +7 spear of Prescription {freeze, rC+ Int-4
                  | Dex+4 Stlth+}
 55614 | Zot:5    | Got the Orb of Zot
 55659 | Zot:5    | Noticed Ubbur the pandemonium lord
 55659 | Zot:5    | Noticed an ancient lich
 55882 | Depths:1 | Noticed a seraph
 56116 | D:6      | Noticed Cacap the pandemonium lord
 56141 | D:4      | Noticed Buerph the pandemonium lord
 56173 | D:4      | Killed Buerph the pandemonium lord
 56173 | D:4      | Received a gift from Okawaru
 56284 | D:$      | Escaped with the Orb!

Illustrated notes

Levels and vault maps discovered:
D:1:      sevenhm_arrival_forest_fort_small_4, layout_basic,
          shapermc_ecumenical_altar_gd, minivault_24
D:2:      layout_loops_ring
D:3:      layout_basic, kennysheep_generic_room_7
D:4:      layout_gridville, kennysheep_generic_room_8
D:5:      layout_layer_cave, nicolae_overflow_hallway_of_the_gods
D:6:      layout_layer_cave, serial_shops, nicolae_lakefront_shop,
          nicolae_take_the_stairs, uniq_eustachio
D:7:      layout_basic, mainiacjoe_overflow_boulevard,
          minmay_temple_entry_junction, hangedman_decor_clover_reticule
D:8:      layout_basic, minmay_holes, uniq_gastronok, uniq_prince_ribbit1,
          uniq_maurice
D:9:      layout_basic, serial_rivers, chequers_serial_rivers_marsh,
          chequers_serial_rivers_marsh, chequers_serial_rivers_room_b,
          chequers_serial_rivers_micro_e, serial_bayou_pond_d
D:10:     layout_gridville, serial_shops, shop_coins
D:11:     layout_basic, serial_shops, nicolae_inconvenience_store
D:12:     minmay_dotted_concentric_squares, layout_basic, david_orc_3,
          gammafunk_ghost_berserking_beasts, serial_shops,
          nicolae_shop_behind_doors, nicolae_shop_statue_plus,
          nicolae_stop_n_shop_2, shop, shop, st_stairs_5,
          kennysheep_generic_room_3, uniq_nessos, uniq_rupert
D:13:     minmay_curly_fans, layout_grid_maze, david_vaults_3,
          okawaru_altar_gauntlet_db
D:14:     minmay_outward_triangles, layout_basic, yredelemnul_altar_generic
D:15:     gammafunk_enter_depths_forms, layout_gridville,
          nicolae_ru_path_of_blood, gauntlet_entry_generic, grunt_decor_cap
Temple:   nicolae_temple_elliptical
Lair:1:   layout_concentric_octagons, nicolae_volcano_entry_vermiform,
          infiniplex_staircase_pool_2
Lair:2:   layout_roguey, serial_rivers, chequers_serial_rivers_micro_b,
          chequers_serial_rivers_room_b, chequers_serial_rivers_large_a,
          chequers_serial_rivers_large_b, chequers_serial_rivers_room_a,
          chequers_serial_rivers_room_b
Lair:3:   layout_cave_pods
Lair:4:   layout_small_grid, skrybe_swamp_entry_bodies,
          minmay_snake_entry_guardpost_small, ebering_ghost_xom, uniq_josephine
Lair:5:   layout_cave_pods, slime_altar_1, special_room
          [special_room_mythical_zoo], lemuel_fruit_tree
Lair:6:   due_jungle_book, layout_regular_city, grunt_megastairs_5,
          lemuel_fruit_fields
Swamp:1:  layout_basic_swamp, evilmike_swamp_ruin_house_1, swamp_pool2,
          nicolae_swamp_small_spring, infiniplex_staircase_pool, uniq_frances
Swamp:2:  layout_falls_marsh, portal_ice_cave_entry_ugly_swarm,
          nicolae_swamp_very_dense_foliage
Swamp:3:  layout_basic_swamp, hangedman_swamp_ruin_hall, swamp_pool1,
          uniq_louise
Swamp:4:  swamp, layout_basic_swamp, swamp_pool1
Snake:1:  layout_honeycomb, st_stairs_8, uniq_aizul
Snake:2:  cheibrodos_snake_ritualist_ritual, layout_chambers, uniq_vashnia,
          uniq_roxanne
Snake:3:  layout_onion, grunt_megastairs_1, uniq_azrael, uniq_saint_roka
Snake:4:  hellmonk_snake_rune_quicksilver_temple, layout_concentric_octagons,
          minmay_shoptagon
Orc:1:    layout_diamond_mine, uniq_sonja, uniq_fannar
Orc:2:    st_orc_rangers, layout_diamond_mine, serial_shops, shop_statue,
          hellmonk_ghost_happy_afterlife, elf_legates, uniq_jorgrun
Elf:1:    nicolae_elf_arrival_no_cutting_in_line, layout_rooms, serial_shops,
          shop, infiniplex_enter_wizlab_glasses, minmay_elf_necromancy,
          grunt_ministairs_8, minivault_5
Elf:2:    nicolae_elf_blades_crystal_corner, layout_geoelf_diagonals,
          nicolae_elf_hall_of_bonks
Elf:3:    minmay_elf_hall_curves, layout_geoelf_grid, basic_altar,
          nicolae_wooded_promenade, hex_medium, grunt_ministairs_13,
          minivault_19, hangedman_elf_disciples
Vaults:1: grunt_tower_of_power, vaults_room_stairs_pillars,
          nicolae_vaults_theta, v_pattern_5, v_misc_26, hangedman_vaults_unwind,
          nicolae_vaults_shelves_hall, v_misc_18, ontoclasm_vaults_chip,
          grunt_vaults_diagonal, nicolae_vaults_rhombus_6,
          layout_vaults_maze_bifur
Vaults:2: portal_desolation_entry_nicolae_nacl, dpeg_vaults_monster_box,
          hangedman_vaults_corner_blocks, v_misc_32,
          vaults_standard_mumra_lines, vaults_room_corners,
          nicolae_vaults_hallways_thing, grunt_vaults_funnel, v_misc_30,
          layout_vaults_omnicross, serial_shops, nicolae_shop_behind_doors,
          nicolae_shop_overgrown_old_shop, nicolae_shop_behind_doors,
          uniq_mennas, uniq_donald
Vaults:3: minmay_crypt_entry_necro_gods, nicolae_vaults_network_quincunx
          [nicolae_vaults_network_quincunx_subvault,
          nicolae_vaults_network_quincunx_subvault,
          nicolae_vaults_network_quincunx_subvault,
          nicolae_vaults_network_quincunx_subvault,
          nicolae_vaults_network_quincunx_subvault], gammafunk_the_bubble
          [the_bubble_gammafunk_crates], vaults_mumra_hex, v_misc_23,
          nicolae_vaults_circle_grid_b, v_misc_29, v_misc_11, v_misc_16,
          nicolae_vaults_little_squares_1, nicolae_vaults_sealed_display,
          v_alt_pattern_3, layout_vaults_omnibox, serial_shops,
          nicolae_shop_advertising_works [nicolae_subvault_shop_adworks], shop,
          shop
Vaults:4: advil_vaults_ghost_lines, nicolae_vaults_ring_of_whatevers, v_misc_27,
          nicolae_vaults_circle_grid_b, st_cross, vaults_room_fours,
          nicolae_vaults_little_squares_1, nicolae_vaults_asterisk,
          layout_vaults_omnigrid
Vaults:5: uniq_bai_suzhen, uniq_frederick
Depths:1: layout_forbidden_donut, serial_bayou, serial_bayou_shore_b,
          serial_bayou_pond_c, serial_bayou_pond_a, serial_bayou_pond_b,
          serial_bayou_lagoon_a, grunt_hell_entry_dis_grunt, feat_on_display
Depths:2: little_maze_vault, layout_long_grid, pf_dread_powers_of_hell,
          serial_sigils_hangedman_clutch, grunt_pan_entry_zigzag,
          minmay_staircase_statues
Depths:3: grunt_bruiser_brothers, layout_basic, enter_ziggurat_e, hell_entry,
          minmay_misc_feat_rows, abyss_entry_crystal, grunt_pan_entry_spiral,
          minmay_acid_items
Depths:4: grunt_zot_entry_funnels, layout_gridville, hell_entry,
          minmay_room_of_horrors, serial_shops, nicolae_shop_crystal,
          nicolae_qazlal_style_of_elements
Zot:1:    layout_cathedral_of_symmetry, st_stairs_1, nicolae_rock_paper_scissors
Zot:2:    layout_misc_corridors
Zot:3:    layout_misc_corridors, zot_minivault_5
Zot:4:    minmay_elemental_castle, layout_gridlike, grunt_megastairs_3
Zot:5:    layout_twisted_circle, ebering_ghost_inner_flame

Skill      XL: |  1  2  3  4  5  6  7  8  9 10 11 12 13 14 15 16 17 18 19 20 21 22 23 24 25 |
---------------+----------------------------------------------------------------------------+-----
Fighting       | 4 5 6 10 12 13 17 20 21 25 27 | 27.0
Shields        | 4 5 10 13 15 18 20 | 20.0
Throwing       | 2 3 5 7 10 12 15 17 19 20 21 22 | 22.0
Axes           | 3 5 7 8 9 10 12 18 20 21 | 21.3
Armour         | 4 5 6 10 12 14 17 19 20 | 20.0
Invocations    | 5 7 10 12 13 | 13.0
Dodging        | 8 16 20 | 20.0

Action                   |  1- 3 |  4- 6 |  7- 9 | 10-12 | 13-15 | 16-18 | 19-21 | 22-24 | 25-27 || total
-------------------------+-------+-------+-------+-------+-------+-------+-------+-------+-------++-------
Melee: War axe           |    27 |    97 |    91 |       |       |       |       |       |       ||   215
       Headbutt          |    14 |    16 |    51 |   129 |   331 |   300 |   427 |   496 |    90 ||  1854
       Dagger            |   109 |       |       |       |       |       |       |       |       ||   109
       Hand axe          |       |       |   145 |   510 |   837 |       |       |       |       ||  1492
       Morningstar       |       |       |       |     9 |     8 |       |       |       |       ||    17
       Broad axe         |       |       |       |       |   324 |  1229 |  1473 |  1459 |   332 ||  4817
Throw: Dart              |     6 |     9 |    16 |    52 |     1 |       |       |       |       ||    84
       Boomerang         |       |       |     6 |    14 |    12 |    36 |    43 |     8 |    38 ||   157
       Javelin           |       |       |       |     6 |    54 |    94 |    73 |    45 |    25 ||   297
Invok: Heroism           |       |       |     2 |    11 |    26 |    31 |    16 |    19 |     6 ||   111
       Finesse           |       |       |       |     1 |     4 |     7 |     2 |     4 |     5 ||    23
       Duel              |       |       |       |       |       |     1 |       |       |       ||     1
Evoke: Wand              |       |       |     5 |     6 |     3 |       |       |     4 |     1 ||    19
  Use: Scroll            |       |       |     7 |     1 |    10 |    12 |     1 |    14 |     5 ||    50
       Potion            |       |       |       |       |       |     7 |       |     3 |     6 ||    16
 Stab: Invisible         |       |       |       |       |     9 |    13 |    20 |    17 |     9 ||    68
       Distracted        |       |       |       |       |     2 |       |       |       |       ||     2
Armor: Scale mail        |    60 |    26 |       |       |       |       |       |       |       ||    86
       Chain mail        |       |     9 |   124 |       |       |       |       |       |       ||   133
       Plate armour      |       |       |    10 |   211 |    23 |     6 |       |       |       ||   250
       Crystal plate arm |       |       |       |       |   725 |   686 |   657 |    72 |       ||  2140
       Gold dragon scale |       |       |       |       |       |       |       |   567 |   110 ||   677
Dodge: Dodged            |    59 |    44 |    70 |   144 |   328 |   358 |   379 |   513 |   120 ||  2015
Block: Buckler           |       |     6 |    52 |   218 |   610 |    92 |       |       |       ||   978
       Reflection        |       |       |     2 |     4 |    64 |   114 |    76 |    48 |     2 ||   310
       Kite shield       |       |       |       |       |       |   977 |  1088 |  1257 |   222 ||  3544
